 Dungeon Crawl Stone Soup version 0.23.2-33-g5129a83184 (webtiles) character file.

Game seed: 11067379219647023886

1494 Atelerd the Destroyer (level 8, -3/46 HPs)
             Began as an Octopode Fire Elementalist on July 15, 2019.
             Killed from afar by an orc wizard (10 damage)
             ... with a magic dart
             ... on level 7 of the Dungeon.
             The game lasted 00:19:08 (8886 turns).

Atelerd the Destroyer (Octopode Fire Elementalist)  Turns: 8886, Time: 00:19:09

Health: -3/46      AC:  1    Str:  8    XL:     8   Next: 81%
Magic:  10/16      EV: 13    Int: 19    God:
Gold:   186        SH:  0    Dex: 12    Spells: 2/18 levels left

rFire    . . .     SeeInvis .   r - +0 scimitar
rCold    + . .     Gourm    .   (no shield)
rNeg     . . .     Faith    .   (helmet restricted)
rPois    .         Spirit   .   (no amulet)
rElec    .         Reflect  .   n - ring of protection from cold
rCorr    .         Harm     .   q - ring of wizardry
MR       .....                  (no ring)
Stlth    +++.......             (no ring)
HPRegen  0.15/turn              (no ring)
MPRegen  0.15/turn              (no ring)
                                (no ring)
                                (no ring)

@: no status effects
A: almost no armour, stealthy swim, amphibious, 8 rings, constrict 8, camouflage
1, gelatinous body 1
a: no special abilities


You were on level 7 of the Dungeon.
You were very hungry.

You visited 1 branch of the dungeon, and saw 7 of its levels.

You collected 186 gold pieces.

Inventory:

Hand Weapons
 f - a +0 dagger
 r - a +0 scimitar (weapon)
Missiles
 p - 114 stones (quivered)
Jewellery
 n - a ring of protection from cold (left tentacle)
 q - a ring of wizardry (right tentacle)
Wands
 g - a wand of acid (8)
 x - a wand of iceblast (8)
Scrolls
 a - 3 scrolls of enchant weapon {unknown}
 j - a scroll of fog {unknown}
 k - 2 scrolls of identify {unknown}
 m - 2 scrolls of teleportation
 o - 3 scrolls of remove curse {unknown}
 s - 2 scrolls of enchant armour {unknown}
 t - a scroll of random uselessness {unknown}
 w - a scroll of acquirement {unknown}
Potions
 c - a potion of ambrosia
 d - a potion of haste {unknown}
 e - a potion of curing {unknown}
 h - 2 potions of heal wounds {unknown}
 i - a potion of brilliance {unknown}
 l - 4 potions of flight {unknown}
 u - a potion of agility {unknown}
 v - a potion of berserk rage {unknown}
 z - a potion of magic {unknown}
Comestibles
 b - 5 rations


   Skills:
 - Level 2.0 Dodging
 - Level 2.6 Stealth
 + Level 5.9 Spellcasting
 * Level 8.8 Conjurations
 - Level 3.0 Fire Magic


You had 2 spell levels left.
You knew the following spells:

 Your Spells              Type           Power        Failure   Level  Hunger
a - Flame Tongue          Conj/Fire      ####.        1%          1    None
b - Mephitic Cloud        Conj/Pois/Air  ###.....     4%          3    ##.....
c - Blink                 Tloc           N/A          7%          2    None
d - Ensorcelled Hibernat  Hex/Ice        #.....       7%          2    None
f - Inner Flame           Hex/Fire       ##......     8%          3    ##.....
g - Fireball              Conj/Fire      ####......   12%         5    #####..

Your spell library contained the following spells:

 Spells                   Type           Power        Failure   Level  Hunger
 Magic Dart               Conj           ####         1%          1    None
 Throw Flame              Conj/Fire      ####..       1%          2    None
 Beastly Appendage        Tmut           #.....       4%          1    None
 Corona                   Hex            #......      4%          1    None
 Call Imp                 Summ           #.......     7%          2    None
 Slow                     Hex            #.......     7%          2    None
 Sticks to Snakes         Tmut           #.......     7%          2    None
 Conjure Flame            Conj/Fire      ####....     1%          3    ##.....
 Dazzling Spray           Conj/Hex       ###...       2%          3    ##.....
 Sticky Flame             Conj/Fire      ####....     4%          4    ####...
 Confuse                  Hex            #.......     14%         3    ##.....
 Spider Form              Tmut/Pois      #.........   14%         3    ##.....
 Tukima's Dance           Hex            #.......     14%         3    ##.....
 Ice Form                 Ice/Tmut       #.......     41%         4    ####...
 Blade Hands              Tmut           #.........   75%         5    #####..


Dungeon Overview and Level Annotations

Branches:
Dungeon (7/15)
 Temple: D:4-7

Altars:
Ashenzari
Elyvilon
Fedhas
Gozag
Kikubaaqudgha
Makhleb
Nemelex Xobeh
Wu Jian
Yredelemnul
Zin

Annotations:
D:2 exclusion: downstairs
D:3 exclusion: 3 downstairs
D:5 2 transporters, exclusion: downstairs, Jabberih's ghost, novice MfIE


Innate Abilities, Weirdness & Mutations

You cannot wear most types of armour.
You are very stealthy in the water. (Stealth+)
You are amphibious.
You can wear up to eight rings at the same time.
You can use your tentacles to constrict eight enemies at once.
Your skin changes colour to match your surroundings (Stealth+).
Your rubbery body absorbs attacks. (AC +1, EV +1)


Message History

Casting: Mephitic Cloud (safe; 4% risk of failure)
Confirm with . or Enter, or press ? or * to list all spells.
You blink.
The orc warrior barely misses you.
You riposte.
You closely miss the orc warrior. You grab the orc warrior.
The orc warrior is lightly wounded.
You release your grip on the orc warrior.
The orc warrior hits you from afar with a +0 trident!
* * * LOW HITPOINT WARNING * * *
There is a stone staircase leading up, spattered with blood here.
You see here a quarterstaff.
Okay, then.
Okay, then.
An orc comes into view. It is wielding a +0 short sword.
Found a fuming coppery potion.
An orc wizard comes into view. It is wielding a +0 dagger.
An orc comes into view.
The orc shouts! x2; The orc wizard shouts!
The orc wizard casts a spell at you. The magic dart hits you!
You die...

........##≈≈...≈≈####
<........?#≈..♣..≈#..#
##.....................#
.............o♣._.♣....
.!.........#.........#
#.........##r..♣..≈#
#..........#≈≈...≈≈#
#..........###...####.#
#.##...#@..#...........
#.....o..#####......###
#####.##...#...######
#.###o.#.### #.# #o...#
#.# #.#.## #.# #.#.# #.#
#o#.<.>....
#.###o#######.#


You could see an orc warrior, an orc wizard and 2 orcs.

Vanquished Creatures
  An orc warrior (D:6)
  A black bear (D:6)
  A sky beast (D:6)
  An ogre (D:4)
  A bullfrog (D:7)
  A scorpion (D:7)
  A howler monkey (D:5)
  A bullfrog zombie (D:5)
  5 crimson imps
  2 orc priests
  2 hounds
  A gnoll shaman (D:6)
  2 iguanas
  6 orc wizards
  4 worker ants
  A howler monkey zombie (D:6)
  12 adders
  7 gnolls
  An adder skeleton (D:4)
  3 worms (D:2)
  A dart slug (D:2)
  5 leopard geckos
  23 orcs
  6 bats
  4 giant cockroaches
  9 goblins
  7 hobgoblins
  6 jackals
  A quokka (D:3)
  A ball python (D:2)
  3 frilled lizards
  A jackal zombie (D:5)
  9 kobolds
  7 rats
137 creatures vanquished.

Vanquished Creatures (others)
  A killer bee zombie (D:7)
  An orc (D:7)
  6 plants (D:5)
8 creatures vanquished.

Grand Total: 145 creatures vanquished

Notes
Turn   | Place    | Note
-------+----------+-------------------------------------------
     0 | D:1      | Atelerd the Octopode Fire Elementalist began the quest for
                  | the Orb.
     0 | D:1      | Reached XP level 1. HP: 11/11 MP: 3/3
   228 | D:1      | Reached XP level 2. HP: 16/17 MP: 1/5
   403 | D:1      | Reached skill level 2 in Conjurations
   572 | D:1      | Reached XP level 3. HP: 21/21 MP: 4/6
  1193 | D:2      | Found an ornate altar of the Wu Jian Council.
  1199 | D:2      | Reached skill level 3 in Conjurations
  1588 | D:2      | Reached XP level 4. HP: 27/27 MP: 5/8
  1767 | D:2      | Found an ancient bone altar of Kikubaaqudgha.
  2121 | D:2      | Learned a level 3 spell: Mephitic Cloud
  2124 | D:2      | Learned a level 2 spell: Blink
  2406 | D:3      | Reached XP level 5. HP: 17/31 MP: 6/9
  2567 | D:3      | Found a burning altar of Makhleb.
  2567 | D:3      | Found a blossoming altar of Fedhas.
  2662 | D:3      | Reached skill level 4 in Conjurations
  3129 | D:3      | Learned a level 2 spell: Ensorcelled Hibernation
  3226 | D:3      | Found a glowing silver altar of Zin.
  3797 | D:3      | Reached XP level 6. HP: 16/36 MP: 8/11
  4054 | D:4      | Found a shattered altar of Ashenzari.
  4511 | D:4      | Reached skill level 5 in Conjurations
  5390 | D:4      | Reached XP level 7. HP: 25/41 MP: 0/13
  5479 | D:4      | Learned a level 5 spell: Fireball
  5736 | D:5      | Entered Level 5 of the Dungeon
  5781 | D:5      | Reached skill level 6 in Conjurations
  5820 | D:5      | Found a transporter.
  5821 | D:5      | Found a transporter.
  5857 | D:5      | Identified the +3 ring mail of the Catamount {SInv}
  5857 | D:5      | Identified the +2 buckler "Jajuvu" {MR+ Dex+4}
  5857 | D:5      | Noticed Jabberih's ghost (novice MfIE)
  6270 | D:5      | Found a basalt altar of Yredelemnul.
  6426 | D:5      | Found a sparkling altar of Nemelex Xobeh.
  6515 | D:5      | Found an opulent altar of Gozag.
  7312 | D:6      | Reached skill level 7 in Conjurations
  7429 | D:6      | Reached XP level 8. HP: 36/46 MP: 9/15
  7459 | D:6      | Reached skill level 5 in Spellcasting
  7610 | D:6      | Learned a level 3 spell: Inner Flame
  8023 | D:6      | Reached skill level 8 in Conjurations
  8805 | D:7      | Found a white marble altar of Elyvilon.
  8886 | D:7      | Killed from afar by an orc wizard

Skill      XL: |  1  2  3  4  5  6  7  8 |
---------------+-------------------------+-----
Conjurations   | 2 3 4 5 7 8 |  8.8
Spellcasting   | 3 4 5 |  5.9
Dodging        | |  2.0
Stealth        | |  2.6
Fire Magic     | |  3.0

Action                   |  1- 3 |  4- 6 |  7- 9 || total
-------------------------+-------+-------+-------++-------
Melee: Unarmed           |    28 |       |       ||    28
       Constrict         |    18 |    19 |    39 ||    76
       Tentacles         |    11 |    14 |    14 ||    39
       Dagger            |    20 |   103 |     4 ||   127
       Scimitar          |       |       |   107 ||   107
 Cast: Flame Tongue      |    32 |    57 |     5 ||    94
       Mephitic Cloud    |       |    22 |    17 ||    39
       Blink             |       |     6 |     3 ||     9
       Fireball          |       |       |    12 ||    12
       Ensorcelled Hiber |       |       |     1 ||     1
       Inner Flame       |       |       |     1 ||     1
  Use: Potion            |       |     2 |       ||     2
       Scroll            |       |     1 |       ||     1
 Stab: Sleeping          |     7 |     5 |     4 ||    16
       Confused          |       |     4 |     5 ||     9
  Eat: Ration            |     1 |     1 |     1 ||     3
       Chunk             |       |     9 |    12 ||    21
Armor: Skin              |     7 |    19 |     3 ||    29
Dodge: Dodged            |    41 |   105 |    71 ||   217
       Rpst.: Scimitar   |       |       |    21 ||    21
